 Dungeon Crawl Stone Soup version 0.18.1-48-g4cf74bf (webtiles) character file.

3714 WarriorsX the Carver (level 10, -3/64 HPs)
             Began as a Human Fighter on July 31, 2016.
             Slain by a bone dragon (21 damage)
             ... on level 1 of the Abyss.
             The game lasted 00:31:25 (8109 turns).

WarriorsX the Carver (Human Fighter)                Turns: 8109, Time: 00:31:26

Health: -3/64      AC: 14    Str: 15      XL:     10   Next: 36%
Magic:  9/9        EV:  2    Int:  8 (10) God:
Gold:   439        SH: 14    Dex: 13      Spells: 0 memorised, 9 levels left

rFire  . . .     SeeInvis .     z - +2 long sword (freeze) (curse)
rCold  . . .     Gourm    .     l - +0 plate armour
rNeg   . . .     Faith    .     E - +0 large shield (curse)
rPois  .         Spirit   .     (no helmet)
rElec  .         Dismiss  .     (no cloak)
rCorr  .         Reflect  .     j - +1 pair of gloves
SustAt +         Harm     .     (no boots)
MR     .....                    p - amulet of rage
Stlth  ..........               G - ring of sustain attributes
                                u - +3 ring of intelligence

@: very slightly contaminated, not resistant to hostile enchantments, extremely
unstealthy
A: hooves 1, blurry vision 3, dopey 1, frail 2, low mp 3, screaming 3, weak 2,
wild magic 1, MP-powered wands, sturdy frame 1
a: Evoke Berserk Rage


You were on level 1 of the Abyss.
You were very hungry.

You visited 2 branches of the dungeon, and saw 9 of its levels.
You visited the Abyss 1 time.
You also visited: Ossuary.

You collected 439 gold pieces.

Inventory:

Hand Weapons
 a - a +1 long sword
 z - a cursed +2 long sword of freezing (weapon)
Armour
 j - a +1 pair of gloves (worn)
 l - a +0 plate armour (worn)
 E - a cursed +0 large shield (worn)
Jewellery
 o - an uncursed amulet of magic regeneration
 p - an amulet of rage (around neck)
 u - a +3 ring of intelligence (left hand)
 w - an uncursed ring of resist corrosion {unknown}
 D - the ring "Zeyraena" {rElec SInv, unknown}
   (You found it on level 6 of the Dungeon)

   [ring of see invisible]

   It insulates you from electricity.
   It lets you see invisible.
 G - a ring of sustain attributes (right hand)
Wands
 H - a wand of flame (26/48)
 J - a wand of heal wounds (6/9)
Scrolls
 e - 8 scrolls of remove curse
 h - 2 scrolls of identify
 k - 2 scrolls of enchant weapon
 q - 2 scrolls of blinking
 y - 2 scrolls of recharging
 K - a scroll of fear
Potions
 d - a potion of might
 g - a potion of resistance
 n - a potion of ambrosia
 r - 4 potions of curing
 v - 2 potions of agility
 B - 2 potions of heal wounds
 C - 2 potions of magic
Books
 c - a book of Enchantments

   Spells                             Type                      Level
   a - Cause Fear                     Hexes                        4
   b - Yara's Violent Unravelling     Hexes/Transmutation          5
   c - Silence                        Hexes/Air                    5
   d - Deflect Missiles               Charms/Air                   6
   e - Haste                          Charms                       6
   f - Discord                        Hexes                        8
 t - a book of the Earth

   Spells                             Type                      Level
   a - Leda's Liquefaction            Hexes/Earth                  4
   b - Bolt of Magma                  Conjuration/Fire/Earth       5
   c - Statue Form                    Transmutation/Earth          6
   d - Iron Shot                      Conjuration/Earth            6
   e - Shatter                        Earth                        9
 x - an Akashic Record

   Spells                             Type                      Level
   a - Dispersal                      Translocation                6
   b - Malign Gateway                 Summoning/Translocation      7
   c - Disjunction                    Translocation                8
   d - Controlled Blink               Translocation                8
 M - a book of Envenomations

   Spells                             Type                      Level
   a - Spider Form                    Transmutation/Poison         3
   b - Olgreb's Toxic Radiance        Poison                       4
   c - Alistair's Intoxication        Transmutation/Poison         5
   d - Poisonous Cloud                Conjuration/Poison/Air       6
Comestibles
 b - 8 slices of pizza
 f - 5 bread rations
 s - 2 meat rations
 F - 3 beef jerkies


   Skills:
 + Level 8.0 Fighting
 + Level 8.7 Long Blades
 + Level 6.0 Armour
 - Level 1.2 Stealth
 + Level 6.3 Shields
 - Level 4.0 Evocations


You had 9 spell levels left.
You didn't know any spells.

Dungeon Overview and Level Annotations

Branches:
Dungeon (8/15)             Temple (1/1) D:4
   Lair: D:8-11

Altars:
Ashenzari
Cheibriados
Dithmenos
Elyvilon
Fedhas
Gozag
Kikubaaqudgha
Makhleb
Nemelex Xobeh
Okawaru
Qazlal
Ru
Sif Muna
Trog
Vehumet
Xom
Yredelemnul
Zin
The Shining One

Shops:
D:6 *}[=[


Innate Abilities, Weirdness & Mutations

You have large cloven feet.
You are dopey. (Int -2)
Your spells are a little harder to cast, but a little more powerful.
You expend magic power (3 MP) to strengthen your wands.
Your movements are slightly less encumbered by armour (ER -2).
[Scrolls take you much longer to read.]
[You are very frail (-20% HP).]
[Your magical capacity is extremely low (-30% MP).]
[You frequently scream uncontrollably at your foes.]
[You are very weak. (Str -4)]


Message History

You feel a strong urge to scream.
The quasit twists and deforms.
The bone dragon bites you. You block the bone dragon's attack.
The bone dragon tramples you.
You stumble backwards!
The bone dragon bites you! The bone dragon barely misses you.
The bone dragon tramples you!
You hold your ground!
The wretched star pulses with an eldritch light!
You feel weaker. x2
The quasit twists and deforms.
You block the quasit's attack. x2
The quasit claws you but does no damage.
You block the bone dragon's attack. The bone dragon claws you!
The bone dragon tramples you but does no damage.
You block the quasit's attack.
The quasit claws you but does no damage. x2
You block the bone dragon's attack. x2; The bone dragon tramples you.
* * * LOW HITPOINT WARNING * * *
You hold your ground!
The bone dragon bites you!!
You die...

.##. # #...
#.##.#.####
#...#.#...# #..
.### ..##......
#....#.#.#
#.#.###.##.# . .#.
#....@.*##3##
....#
#....D.D5...#.#
....
#.#...#5.#...#
.......##.##..####
..##......###.# .
##....##.#. #.#
..#......##... ..#
...#.. . ..## #.
#.# ....... D#
#.#.#.. ##


You could see 2 bone dragons, a wretched star, a quasit and a white imp.

Vanquished Creatures
  Pikel (D:5)
  The ghost of Galewin the Cleaver, an amateur MiBe of Trog (Ossuary)
  2 yaks (D:7)
  3 sky beasts
  A human (D:7)
  A hog (D:7)
  An orc warrior (D:5)
  An ogre (D:5)
  3 centaurs
  4 elf zombies (Ossuary)
  4 giant frogs
  A scorpion (D:7)
  5 wights
  3 howler monkeys
  2 crimson imps
  A giant frog zombie (D:7)
  A centaur zombie (Ossuary)
  A giant frog skeleton (D:5)
  A human zombie (Ossuary)
  2 orc priests
  A hound (D:3)
  6 orc wizards
  Jessica (D:2)
  An iguana (D:8)
  Terence (D:3)
  2 worker ants (D:6)
  Ijyb (D:2)
  A sheep (D:7)
  2 mummies (Ossuary)
  4 gnolls (D:3)
  A howler monkey skeleton (D:5)
  6 adders
  An ooze (D:1)
  An adder zombie (Ossuary)
  A worm (D:3)
  2 dart slugs
  4 giant geckos
  16 orcs
  4 bats
  6 giant cockroaches
  8 goblins
  8 hobgoblins
  8 jackals
  5 kobolds
  5 quokkas
  A ball python (D:3)
  A giant gecko zombie (D:5)
  2 giant newts
  A goblin zombie (Ossuary)
  14 hobgoblin zombies (Ossuary)
  8 kobold zombies (Ossuary)
  5 orc zombies (Ossuary)
  8 rats
  2 rat zombies (Ossuary)
177 creatures vanquished.

Vanquished Creatures (others)
  A slave (D:5)
  A giant frog skeleton (D:5)
  A worker ant (D:5)
  A worker ant zombie (D:5)
  An adder (D:5)
  An adder zombie (D:5)
  An orc (D:5)
  A giant newt (D:5)
  2 starspawn tentacles (Abyss:1)
  35 starspawn tentacle segments (Abyss:1)
45 creatures vanquished.

Grand Total: 222 creatures vanquished

Notes
Turn   | Place    | Note
--------------------------------------------------------------
     0 | D:1      | WarriorsX the Human Fighter began the quest for the Orb.
     0 | D:1      | Reached XP level 1. HP: 18/18 MP: 1/1
   177 | D:1      | Reached XP level 2. HP: 24/24 MP: 2/2
   378 | D:1      | Reached XP level 3. HP: 12/29 MP: 3/3
   732 | D:2      | Noticed Ijyb
   738 | D:2      | Killed Ijyb
   738 | D:2      | Reached XP level 4. HP: 35/35 MP: 4/4
   812 | D:2      | Found a shimmering altar of Xom.
   930 | D:2      | Found a shimmering altar of Xom.
  1197 | D:2      | Noticed Jessica
  1200 | D:2      | Killed Jessica
  1445 | D:2      | Reached XP level 5. HP: 38/41 MP: 5/5
  1598 | D:3      | Noticed Terence
  1634 | D:3      | Killed Terence
  1634 | D:3      | Reached XP level 6. HP: 44/48 MP: 6/6
  2589 | D:4      | Found a staircase to the Ecumenical Temple.
  2634 | D:4      | Found a sand-covered staircase.
  2640 | Ossuary  | Entered an ossuary
  2854 | Ossuary  | Noticed Galewin's ghost (amateur MiBe)
  2863 | Ossuary  | Killed Galewin's ghost
  2863 | Ossuary  | Reached skill level 5 in Armour
  2863 | Ossuary  | Reached XP level 7. HP: 55/55 MP: 7/7
  3048 | Ossuary  | Reached skill level 5 in Shields
  3066 | Ossuary  | Reached XP level 8. HP: 16/61 MP: 8/8
  3077 | Ossuary  | Reached skill level 5 in Fighting
  3085 | Ossuary  | HP: 3/62 [elf zombie (1)]
  3097 | Ossuary  | Reached skill level 5 in Long Blades
  3097 | Ossuary  | Reached skill level 1 in Evocations
  3525 | Temple   | Entered the Ecumenical Temple
  4033 | D:4      | Found a snail-covered altar of Cheibriados.
  4036 | D:4      | Found a bloodstained altar of Trog.
  4039 | D:4      | Found an iron altar of Okawaru.
  4042 | D:4      | Found a blossoming altar of Fedhas.
  4216 | D:5      | Entered Level 5 of the Dungeon
  4216 | D:5      | Found a shadowy altar of Dithmenos.
  4243 | D:5      | Reached skill level 1 in Stealth
  4926 | D:5      | Noticed Pikel
  4971 | D:5      | Killed Pikel
  4971 | D:5      | Reached XP level 9. HP: 61/71 MP: 12/12
  5896 | D:5      | Gained mutation: [You occasionally shout uncontrollably at your foes.] [mutagenic meat]
  5897 | D:5      | Gained mutation: You are dopey. (Int -2) [mutagenic meat]
  5898 | D:5      | Gained mutation: You have large cloven feet. [mutagenic meat]
  5899 | D:5      | Gained mutation: Your movements are slightly less encumbered by armour (ER -2). [mutagenic meat]
  5900 | D:5      | Gained mutation: You expend magic power (3 MP) to strengthen your wands. [mutagenic meat]
  5901 | D:5      | Gained mutation: Your spells are a little harder to cast, but a little more powerful. [mutagenic meat]
  6339 | D:6      | Got a flickering amber ring
  6459 | D:6      | Found Vason's Armour Shop.
  6500 | D:6      | Found Homaynem's Antique Armour Emporium.
  6502 | D:6      | Found Okloptoa's Gadget Emporium.
  6535 | D:6      | Paralysed by fainting for 11 turns
  6566 | D:6      | Found Xuarum's Jewellery Shop.
  6676 | D:6      | Found Tocorajueti's General Store.
  6848 | D:7      | Found a sacrificial altar of Ru.
  6965 | D:7      | Reached XP level 10. HP: 79/79 MP: 13/13
  7163 | D:7      | Gained mutation: [Scrolls take you a little longer to read.] [mutagenic meat]
  7164 | D:7      | Gained mutation: [Scrolls take you longer to read.] [mutagenic meat]
  7605 | D:8      | Found an ancient bone altar of Kikubaaqudgha.
  7850 | D:8      | Cast into level 1 of the Abyss (orc wizard)
  7927 | Abyss:1  | Found a bloodstained altar of Trog.
  7952 | Abyss:1  | Noticed a bone dragon
  7962 | Abyss:1  | Noticed a tentacled starspawn
  8035 | Abyss:1  | Noticed a wretched star
  8083 | Abyss:1  | Noticed a bone dragon
  8086 | Abyss:1  | Noticed a bone dragon
  8109 | Abyss:1  | Slain by a bone dragon

Skill      XL: |  1  2  3  4  5  6  7  8  9 10 |
---------------+-------------------------------+-----
Armour         | 4 5 6 |  6.0
Long Blades    | 3 4 6 8 |  8.7
Shields        | 4 5 6 |  6.3
Fighting       | 4 6 7 8 |  8.0
Evocations     | 4 |  4.0
Stealth        | 1 |  1.2

Action                   |  1- 3 |  4- 6 |  7- 9 | 10-12 || total
-------------------------+-------+-------+-------+-------++-------
Melee: Long sword        |    63 |   287 |   466 |   126 ||   942
       Kick              |       |       |    43 |    42 ||    85
 Abil: Evoke Berserk Rag |       |     1 |     2 |     1 ||     4
Evoke: Wand              |       |       |       |     1 ||     1
  Use: Scroll            |       |     7 |     4 |     6 ||    17
       Potion            |       |     7 |     5 |     3 ||    15
 Stab: Distracted        |       |       |     1 |       ||     1
  Eat: Chunk             |       |     7 |    15 |    10 ||    32
       Meat ration       |       |       |     1 |       ||     1
       Beef jerky        |       |       |     1 |       ||     1
Armor: Scale mail        |    33 |    26 |       |       ||    59
       Plate armour      |       |   212 |   316 |    54 ||   582
Dodge: Dodged            |    23 |    48 |    62 |    13 ||   146
Block: Shield            |    35 |   181 |   219 |       ||   435
       Large shield      |       |       |    35 |   122 ||   157
